 Dungeon Sprint DCSS version 0.24-a0-443-g80245de385 (webtiles) character file.

Game seed: 5437722902219919128

19077 Canard the Executioner (level 12, 0/132 HPs)
             Began as a Hill Orc Berserker on June 21, 2019.
             Was the Champion of Trog.
             Killed from afar by a black draconian (27 damage)
             ... with a bolt of lightning
             ... in the Dungeon (Sprint VII: "The Pits").
             The game lasted 00:18:15 (3385 turns).

Canard the Executioner (Hill Orc Berserker)         Turns: 3385, Time: 00:18:15

Health: 0/132      AC: 21    Str: 25    XL:     12   Next: 65%
Magic:  4/4        EV: 14    Int:  7    God:    Trog [******]
Gold:   40         SH:  0    Dex: 13    Spells: 11/11 levels left

rFire    . . .     SeeInvis .   q - +9 executioner's axe (antimagic)
rCold    . . .     Gourm    .   (shield currently unavailable)
rNeg     . . .     Faith    .   x - +4 chain mail
rPois    +         Spirit   .   (no helmet)
rElec    .         Reflect  .   y - +0 cloak
rCorr    .         Harm     .   (no gloves)
MR       .....     NoTele   +   z - +0 pair of boots
Stlth    ..........             (no amulet)
HPRegen  0.32/turn              A - ring of poison resistance
MPRegen  0.09/turn              u - +3 ring of dexterity

@: berserk cooldown, slowed, very slow
A: no striking features
a: Berserk, Trog's Hand, Brothers in Arms, Renounce Religion


You were in the Dungeon.
You worshipped Trog.
Trog was exalted by your worship.
You were near starving.

You visited 1 branch You collected 40 gold pieces.

Inventory:

Hand Weapons
 a - a +6 battleaxe of chopping
   (Trog gifted it to you in the Dungeon)
 b - the +1 broad axe of Crusades {antimagic, MR- Dex+8 SInv}
   (You found it in the Dungeon)

   It reduces the magical energy of the wielder, and disrupts the spells and
   magical abilities of those hit.
   Natural abilities and divine invocations are not affected.
   It affects your dexterity (+8).
   It affects your resistance to hostile enchantments.
   It lets you see invisible.
 n - a +3 war axe of flaming
   (Trog gifted it to you in the Dungeon)
 o - a +2 longbow of freezing
   (Trog gifted it to you in the Dungeon)
 q - a +9 antimagic executioner's axe (weapon)
   (Trog gifted it to you in the Dungeon)
 w - a +5 broad axe of chopping
   (Trog gifted it to you in the Dungeon)
Missiles
 p - 4 silver javelins (quivered)
 D - 23 arrows
Armour
 x - a +4 chain mail (worn)
   (You found it in the Dungeon)
 y - a +0 cloak (worn)
   (You found it in the Dungeon)
 z - a +0 pair of boots (worn)
   (You found it in the Dungeon)
Jewellery
 t - a +3 ring of intelligence
   (You found it in the Dungeon)
 u - a +3 ring of dexterity (right hand)
   (You found it in the Dungeon)
 A - a ring of poison resistance (left hand)
   (You found it in the Dungeon)
 F - an uncursed ring of ice
   (You found it in the Dungeon)
Scrolls
 i - 2 scrolls of blinking
 l - 6 scrolls of remove curse
 m - a scroll of summoning
 B - 2 scrolls of identify
 C - 2 scrolls of fear
 E - a scroll of magic mapping
Potions
 d - 6 potions of curing
 e - 14 potions of heal wounds
 f - a potion of haste
 g - 4 potions of magic
 h - 4 potions of berserk rage
 j - 2 potions of resistance
 k - 2 potions of invisibility
 r - 5 potions of might
 s - 2 potions of brilliance
 v - 3 potions of agility
Comestibles
 c - 7 rations
 G - 14 chunks of flesh


   Skills:
 + Level 19.7 Fighting
 * Level 21.6 Axes
 + Level 6.1 Throwing
 - Level 16.0 Armour
 - Level 10.0 Dodging


You had 11 spell levels left.
You didn't know any spells.
Your spell library was empty.

Dungeon Overview and Level Annotations

Branches:
Dungeon (1/1)

Altars:
Ashenzari
Cheibriados
Dithmenos
Elyvilon
Fedhas
Gozag
Hepliaklqana
Kikubaaqudgha
Makhleb
Nemelex Xobeh
Okawaru
Qazlal
Ru
Sif Muna
Trog
Uskayaw
Vehumet
Wu Jian
Xom
Yredelemnul
Zin
The Shining One
Beogh
Jiyva
Lugonu


Message History

Items here: % )) [[ รท You feel your anger nearly subside.
You are no longer berserk.
You are exhausted.
You feel yourself slow down.
Huge Dmg: -20%(-27hp) hp: 43%(56hp)
Your cyclops goes berserk!
You are near starving!
The black draconian breathes lightning at you.
The bolt of lightning hits you!!
* * * LOW HITPOINT WARNING * * *
The bolt of lightning hits your cyclops!!
Huge Dmg: -23%(-30hp) hp: 20%(26hp)
You swap places.
Your cyclops rages.
The black draconian hits your cyclops with a +0 flail.
Your cyclops closely misses the black draconian.
The black draconian breathes lightning at you.
The bolt of lightning hits your cyclops!!
The bolt of lightning hits you!!
You die...

+..........#
+..........#
#..#....#..#
#..........+
#..........+
###++####++#
#++###################
#...).....o))..)......
#...)@....)Cd).)......
#..##############o'###
#..# #......# #..#
#......# ### #..#
#......# ..# #..#
###..### ..# #..# ....
..# #..# ....
..##########..# o.o.#


You could see an orc warlord, a black draconian and a friendly cyclops
(berserk).

Vanquished Creatures
  An orc warlord (D)
  An eidolon (D)
  A death yak (D)
  2 deep elf knights (D)
  2 shadow wraiths (D)
  A sea snake (D)
  An unseen horror (D)
  A deep troll (D)
  A spriggan druid (D)
  7 orc knights (D)
  3 deep elf magi (D)
  An orc sorcerer (D)
  A cyclops (D)
  2 elephants (D)
  A black mamba (D)
  2 molten gargoyles (D)
  A smoke demon (D)
  A spiny frog (D)
  2 kobold demonologists (D)
  An efreet (D)
  A freezing wraith (D)
  A guardian mummy (D)
  A wind drake (D)
  Grinder (D)
  A tarantella (D)
  A vampire mosquito (D)
  An acid dragon (D)
  A warg (D)
  A water moccasin (D)
  An orc warrior (D)
  A swamp drake (D)
  An ice beast (D)
  A necrophage (D)
  A sky beast (D)
  A centaur (D)
  3 wolves (D)
  A bullfrog (D)
  A gnoll sergeant (D)
  A gnoll shaman (D)
  3 orc priests (D)
  An iguana (D)
  3 orc wizards (D)
  A hell rat (D)
  A worker ant (D)
  An adder (D)
  12 gnolls (D)
  2 oozes (D)
  An adder skeleton (D)
  A worm (D)
  A leopard gecko (D)
  6 orcs (D)
  A bat zombie (D)
  2 giant cockroaches (D)
  A hobgoblin (D)
  3 jackals (D)
  A kobold (D)
  A quokka (D)
  A ball python (D)
  A bat simulacrum (D)
  A leopard gecko simulacrum (D)
  A rat (D)
100 creatures vanquished.

Vanquished Creatures (collateral kills)
  A swamp dragon (D)
  A necromancer (D)
  3 orc knights (D)
  A manticore (D)
  A cyclops (D)
  A ynoxinul (D)
  A steam dragon (D)
  A basilisk (D)
  A vampire mosquito (D)
  An ogre (D)
  A gnoll sergeant (D)
  A quasit (D)
  An iguana (D)
  An orc wizard (D)
  A gnoll (D)
  2 adder skeletons (D)
  An orc (D)
  A bat zombie (D)
21 creatures vanquished.

Vanquished Creatures (others)
  A bat skeleton (D)
  A giant cockroach (D)
2 creatures vanquished.

Grand Total: 123 creatures vanquished

Notes
Turn   | Place    | Note
-------+----------+-------------------------------------------
     0 | D        | Canard the Hill Orc Berserker began the quest for the Orb.
     0 | D        | Reached XP level 1. HP: 19/19 MP: 1/1
    17 | D        | Reached skill level 5 in Axes
    70 | D        | Found a bloodstained altar of Trog.
    70 | D        | Found a deep blue altar of Sif Muna.
    70 | D        | Found a viscous altar of Jiyva.
    70 | D        | Found a hazy altar of Hepliaklqana.
    70 | D        | Found an opulent altar of Gozag.
    71 | D        | Found a glowing golden altar of the Shining One.
    71 | D        | Found a glowing silver altar of Zin.
    71 | D        | Found a basalt altar of Yredelemnul.
    71 | D        | Found a shimmering altar of Xom.
    71 | D        | Found an ornate altar of the Wu Jian Council.
    71 | D        | Found a sacrificial altar of Ru.
    71 | D        | Found a stormy altar of Qazlal.
    71 | D        | Found an iron altar of Okawaru.
    71 | D        | Found a sparkling altar of Nemelex Xobeh.
    71 | D        | Found a burning altar of Makhleb.
    71 | D        | Found a blossoming altar of Fedhas.
    71 | D        | Found a white marble altar of Elyvilon.
    71 | D        | Found a shadowy altar of Dithmenos.
    71 | D        | Found a snail-covered altar of Cheibriados.
    72 | D        | Found a radiant altar of Vehumet.
    72 | D        | Found a corrupted altar of Lugonu.
    72 | D        | Found a roughly hewn altar of Beogh.
    73 | D        | Found a hide-covered altar of Uskayaw.
    73 | D        | Found an ancient bone altar of Kikubaaqudgha.
    73 | D        | Found a shattered altar of Ashenzari.
   114 | D        | Reached skill level 6 in Axes
   117 | D        | Reached ** piety under Trog
   117 | D        | Reached skill level 7 in Axes
   117 | D        | Reached XP level 2. HP: 13/26 MP: 2/2
   435 | D        | Reached *** piety under Trog
   435 | D        | Reached skill level 8 in Axes
   437 | D        | Noticed a warg
   443 | D        | Killed a warg
   443 | D        | Reached skill level 12 in Axes
   443 | D        | Reached XP level 3. HP: 29/31 MP: 3/3
   443 | D        | Reached XP level 4. HP: 37/39 MP: 4/4
   443 | D        | Reached XP level 5. HP: 42/45 MP: 5/5
   444 | D        | Reached **** piety under Trog
   444 | D        | Reached skill level 13 in Axes
   599 | D        | Noticed Grinder
   605 | D        | Reached skill level 5 in Fighting
   616 | D        | Reached XP level 6. HP: 56/56 MP: 6/6
   617 | D        | Killed Grinder
   617 | D        | Reached ***** piety under Trog
   617 | D        | Reached skill level 14 in Axes
   623 | D        | Reached XP level 7. HP: 50/66 MP: 7/7
   753 | D        | Reached skill level 5 in Dodging
   844 | D        | Noticed a tarantella
   849 | D        | Killed a tarantella
   863 | D        | Reached ****** piety under Trog
   928 | D        | Noticed an elephant
   931 | D        | Received a gift from Trog
   941 | D        | Killed an elephant
   941 | D        | Reached XP level 8. HP: 83/83 MP: 8/8
  1014 | D        | Got the +1 broad axe of Crusades {antimagic, MR- Dex+8
                  | SInv}
  1114 | D        | Noticed an orc sorcerer
  1115 | D        | Noticed a hellwing
  1121 | D        | Noticed a soul eater
  1131 | D        | Received a gift from Trog
  1134 | D        | Killed an orc sorcerer
  1134 | D        | Reached XP level 9. HP: 93/93 MP: 3/9
  1233 | D        | Noticed an elephant
  1233 | D        | Noticed a deep elf mage
  1235 | D        | Noticed a guardian mummy
  1242 | D        | Reached skill level 10 in Armour
  1243 | D        | Killed a guardian mummy
  1243 | D        | Received a gift from Trog
  1243 | D        | Reached skill level 15 in Axes
  1248 | D        | Killed an elephant
  1249 | D        | Received a gift from Trog
  1253 | D        | Killed a deep elf mage
  1395 | D        | Noticed a kobold demonologist
  1395 | D        | Noticed a sea snake
  1395 | D        | Noticed a death yak
  1408 | D        | Noticed an unseen horror
  1412 | D        | Killed a kobold demonologist
  1412 | D        | Received a gift from Trog
  1412 | D        | Reached XP level 10. HP: 101/103 MP: 3/10
  1414 | D        | Killed an unseen horror
  1424 | D        | Killed a sea snake
  1424 | D        | Reached skill level 15 in Fighting
  1428 | D        | Killed a death yak
  1428 | D        | Reached skill level 16 in Axes
  1428 | D        | Reached skill level 10 in Dodging
  1700 | D        | Noticed a cyclops
  1706 | D        | Received a gift from Trog
  1726 | D        | Killed a cyclops
  1834 | D        | Noticed an eidolon
  1834 | D        | Noticed a molten gargoyle
  1844 | D        | Killed an eidolon
  1849 | D        | Killed a shadow wraith
  1849 | D        | Reached XP level 11. HP: 107/116 MP: 11/11
  1881 | D        | Noticed a deep troll
  1888 | D        | Reached skill level 17 in Axes
  1899 | D        | Killed a deep troll
  1899 | D        | Received a gift from Trog
  2200 | D        | Noticed a necromancer
  2200 | D        | Noticed a manticore
  2201 | D        | Noticed a swamp dragon
  2224 | D        | Killed a necromancer
  2224 | D        | Reached skill level 15 in Armour
  2227 | D        | Killed a swamp dragon
  2227 | D        | Received a gift from Trog
  2232 | D        | Killed a manticore
  2232 | D        | Received a gift from Trog
  2246 | D        | Received a gift from Trog
  2252 | D        | Reached skill level 18 in Axes
  2634 | D        | Noticed a cyclops
  2634 | D        | Noticed a deep elf mage
  2645 | D        | Killed a deep elf mage
  2651 | D        | Killed a cyclops
  2651 | D        | Received a gift from Trog
  2802 | D        | Reached skill level 19 in Axes
  2851 | D        | Noticed a deep elf mage
  2894 | D        | Noticed a shadow wraith
  2904 | D        | Reached skill level 1 in Throwing
  2907 | D        | Killed a shadow wraith
  2921 | D        | Killed a deep elf mage
  2921 | D        | Received a gift from Trog
  2921 | D        | Reached XP level 12. HP: 52/128 MP: 3/12
  3215 | D        | Noticed an orc warlord
  3215 | D        | Noticed an orc warlord
  3229 | D        | Noticed a deep elf knight
  3238 | D        | Reached skill level 20 in Axes
  3240 | D        | Killed a deep elf knight
  3240 | D        | Received a gift from Trog
  3240 | D        | Received a gift from Trog
  3252 | D        | Killed an orc warlord
  3252 | D        | Reached skill level 5 in Throwing
  3273 | D        | Noticed a deep elf knight
  3284 | D        | Killed a deep elf knight
  3284 | D        | Received a gift from Trog
  3284 | D        | Reached skill level 21 in Axes
  3378 | D        | Noticed a black draconian
  3385 | D        | Killed from afar by a black draconian

Levels and vault maps discovered:
D:        pitsprint [storerooms_1, entrance_room_1, metal_vault_1, armoury_1,
          mini_pit_1, grid_room_1, main_hall_1, silver_pit, the_coven_1,
          the_vestibule_1, steel_vault_4, golden_pit, hallway_of_sentries,
          crystal_vault_6, iron_vault_3, final_vault]

Skill      XL: |  1  2  3  4  5  6  7  8  9 10 11 12 |
---------------+-------------------------------------+-----
Axes           | 7 12 13 14 15 16 19 21 | 21.6
Fighting       | 5 7 12 13 14 16 18 19 | 19.7
Armour         | 4 6 8 9 11 13 15 16 | 16.0
Dodging        | 3 4 6 7 9 10 | 10.0
Throwing       | 2 6 |  6.1

Action                   |  1- 3 |  4- 6 |  7- 9 | 10-12 || total
-------------------------+-------+-------+-------+-------++-------
Melee: Hand axe          |    29 |    21 |    73 |       ||   123
       Broad axe         |       |       |    44 |   107 ||   151
       Battleaxe         |       |       |       |    59 ||    59
       Executioner's axe |       |       |       |    12 ||    12
Invok: Berserk           |     2 |     1 |     3 |     7 ||    13
       Brothers in Arms  |       |       |       |     4 ||     4
       Trog's Hand       |       |       |       |     2 ||     2
  Use: Potion            |       |       |       |     1 ||     1
       Scroll            |       |       |       |     6 ||     6
 Stab: Confused          |       |       |     1 |       ||     1
       Distracted        |       |       |       |     1 ||     1
  Eat: Chunk             |       |     1 |     6 |     7 ||    14
       Ration            |       |       |       |     2 ||     2
Armor: Animal skin       |     2 |       |       |       ||     2
       Scale mail        |       |     2 |    15 |       ||    17
       Chain mail        |       |       |    13 |    78 ||    91
Dodge: Dodged            |    14 |    11 |    52 |    97 ||   174

Table legend:
 A = Non-vault XP
 B = Vault XP
 C = Vault XP percentage of total XP
 D = Non-vault monster count
 E = Vault monster count
 F = Vault count percentage of total count
                 A         B        C        D         E       F
            +---------+---------+-------+---------+---------+-------
      Total |       0 |   27253 | 100.0 |       0 |     121 | 100.0
            +---------+---------+-------+---------+---------+-------
          D |       0 |   27253 | 100.0 |       0 |     121 | 100.0
            +---------+---------+-------+---------+---------+-------
